Selects Airborne Battlegroup
Selects Heavy Machine Gun Paradrop
Heavy Machine Gun Paradrop
Selects Smoke Bombing Run
Selects Paratrooper Squad Paradrop
Construct Medical Station
M1918 Browning Automatic Rifles
Paratrooper Squad Paradrop
Paratrooper Squad Paradrop
Paratrooper Squad Paradrop
Selects Carpet Bombing Run
Selects Anti-tank Gun Team Paradrop
Construct Weapon Support Center
Improved M9 Bazooka Rockets